 Dungeon Crawl Stone Soup version 0.21-a0-404-g291f19a (webtiles) character file.

147 Klosterheim the Skirmisher (level 5, -1/43 HPs)
             Began as a Formicid Abyssal Knight on Oct 29, 2017.
             Was a Follower of Lugonu.
             Slain by Nuz's ghost (20 damage)
             ... on level 3 of the Dungeon.
             The game lasted 00:05:53 (3292 turns).

Klosterheim the Skirmisher (FoAK)                   Turns: 3292, Time: 00:05:53

Health: -1/43      AC:  8    Str: 18    XL:     5   Next: 55%
Magic:  6/6        EV: 16    Int: 11    God:    Lugonu [*.....]
Gold:   144        SH:  0    Dex: 15    Spells: 4/4 levels left

rFire    + . .     SeeInvis +   j - +0 morningstar
rCold    + . .     Gourm    .   (no shield)
rNeg     . . .     Faith    .   a - +0 chain mail
rPois    .         Spirit   .   (helmet unavailable)
rElec    .         Reflect  .   r - scarf {rC+ rF+}
rCorr    .         Harm     .   (no gloves)
MR       .....                  (no boots)
Stlth    ..........             (no amulet)
HPRegen  0.14/turn              l - +4 ring of evasion
MPRegen  0.10/turn              (no ring)

@: agile
A: permanent stasis, dig shafts and tunnels, four strong arms, antennae 3
a: Dig, Shaft Self, Depart the Abyss, Renounce Religion


You were on level 3 of the Dungeon.
You worshipped Lugonu.
Lugonu was aware of your devotion.
You were not hungry.

You visited 1 branch of the dungeon, and saw 3 of its levels.
You visited the Abyss 1 time.

You collected 144 gold pieces.

Inventory:

Hand Weapons
 j - a +0 morningstar (weapon)
Armour
 a - a +0 chain mail (worn)
 r - a scarf of resistance (worn)
Jewellery
 l - a +4 ring of evasion (left hand)
Wands
 k - a wand of scattershot (8/9)
 u - a wand of lightning (6/15)
Scrolls
 b - a scroll of remove curse
 e - a scroll of fear {unknown}
 f - 2 scrolls of recharging {unknown}
 g - a scroll of magic mapping {unknown}
 i - a scroll of identify
 m - a scroll of enchant weapon {unknown}
 n - 2 scrolls of enchant armour {unknown}
 q - a scroll of blinking {unknown}
 s - a scroll of teleportation {unknown}
Potions
 h - a potion of cancellation
 o - 2 potions of agility
 p - 2 potions of flight
Comestibles
 c - a bread ration
 d - a royal jelly


   Skills:
 + Level 4.5 Fighting
 * Level 4.4 Maces & Flails
 - Level 2.1 Armour
 - Level 0.8 Dodging
 - Level 2.1 Invocations


You had 4 spell levels left.
You didn't know any spells.

Dungeon Overview and Level Annotations

Branches:
Dungeon (3/15)

Altars:

Annotations:
D:3 Nuz's ghost, amateur KoBe


Innate Abilities, Weirdness & Mutations

You cannot be hasted, slowed, berserked, paralysed or teleported.
You can dig through walls and to a lower floor.
Your four strong arms can wield two-handed weapons with a shield.
You have a pair of large antennae on your head. (SInv)


Message History

The frilled lizard hisses angrily.
The frilled lizard moves out of view.
There is an open door here.
You feel agile all of a sudden.
You closely miss Nuz's ghost. Nuz's ghost closely misses you.
Nuz's ghost hits you.
You are electrocuted!
You closely miss Nuz's ghost. Nuz's ghost barely misses you.
You closely miss Nuz's ghost. Nuz's ghost barely misses you.
You miss Nuz's ghost. Nuz's ghost closely misses you.
You barely miss Nuz's ghost. Nuz's ghost barely misses you.
Nuz's ghost hits you but does no damage.
You miss Nuz's ghost. Nuz's ghost hits you.
You are electrocuted!
There is an open door, spattered with blood here.
You see here 10 stones.
Things that are here:
a spear; 2 throwing nets
Things that are here:
a spear; a stone Nuz's ghost hits you.
You are electrocuted!
You die...

#.######<###
#.......)..#
#.######.#.#
#.#......#.#
#.#.#.#..#.#
#.#.#.#..#.# .#
#.#.#.##.#.#
###.#
#.#.#....#.#
#%#.#
#@#.######.##
..#.#
####W#.........#
##.#.#
#....########..#
...#.#
#...l#........!#
.#.#.#.####
#....###.#####.#
...[......>
#....##...# #.#
..<#)#.#.##
#....###.## #.#
..W#.#
#....##...# #.#
......
####....###.##
#.#


You could see Nuz's ghost and a frilled lizard.

Vanquished Creatures
  3 gnolls (D:3)
  7 adders
  3 worms (D:2)
  A dart slug (D:3)
  6 orcs
  6 bats
  2 giant cockroaches
  2 hobgoblins
  A ball python (D:1)
  A frilled lizard (D:1)
  8 goblins
  A jackal skeleton (D:2)
  4 kobolds
  2 rats
47 creatures vanquished.

Notes
Turn   | Place    | Note
-------+----------+-------------------------------------------
     0 | Abyss:1  | Klosterheim the Formicid Abyssal Knight began the quest for the Orb.
     0 | Abyss:1  | Reached XP level 1. HP: 18/18 MP: 2/2
    66 | Abyss:1  | Noticed a large abomination
    68 | D:1      | Escaped the Abyss
   334 | D:1      | Reached XP level 2. HP: 24/24 MP: 3/3
   759 | D:2      | Reached XP level 3. HP: 30/30 MP: 4/4
   795 | D:2      | Reached * piety under Lugonu
  1412 | D:2      | Reached XP level 4. HP: 27/37 MP: 5/5
  2358 | D:3      | Reached XP level 5. HP: 24/43 MP: 6/6
  2641 | D:3      | Noticed Nuz's ghost (amateur KoBe)
  3292 | D:3      | Slain by Nuz's ghost

Vault maps used:
D:1:      evilmike_arrival_plus
D:2:      minmay_mini_jars
D:3:      first_bread, minmay_misc_feat_hallway, uniq_natasha

Skill      XL: |  1  2  3  4 |
---------------+-------------+-----
Maces & Flails | 3 4 |  4.4
Fighting       | 4 |  4.5
Armour         | |  2.1
Dodging        | |  0.8
Invocations    | |  2.1

Action                   |  1- 3 |  4- 6 || total
-------------------------+-------+-------++-------
Melee: Mace              |    76 |    47 ||   123
       Morningstar       |       |    58 ||    58
Invok: Depart the Abyss  |     1 |       ||     1
  Use: Scroll            |     1 |     4 ||     5
       Potion            |       |     1 ||     1
  Eat: Chunk             |     2 |     1 ||     3
       Bread ration      |       |     1 ||     1
Armor: Leather armour    |     7 |       ||     7
       Ring mail         |    21 |       ||    21
       Scale mail        |    11 |    32 ||    43
       Chain mail        |       |    14 ||    14
Dodge: Dodged            |    59 |    67 ||   126

Table legend:
 A = Spawn XP
 B = Non-spawn XP
 C = Spawn XP percentage of total XP
 D = Spawn monster count
 E = Non-spawn monster count
 F = Spawn count percentage of total count
 G = Total turns spent on level
                    A         B        C        D         E        F      G
               +---------+---------+-------+---------+---------+-------+---------
         Total |       0 |     211 |   0.0 |       0 |      47 |   0.0 |  3292
               +---------+---------+-------+---------+---------+-------+---------
           D:1 |       0 |      17 |   0.0 |       0 |      12 |   0.0 |   472
           D:2 |       0 |     109 |   0.0 |       0 |      23 |   0.0 |  2051
           D:3 |       0 |      85 |   0.0 |       0 |      12 |   0.0 |   701
               +---------+---------+-------+---------+---------+-------+---------
